cohdb
Replays
Latest Replays
All Replays
Popular Replays
Top Player Replays
Match Explorer
How It Works
Community
CoH3 Stats
Reddit
Sign in to upload your games and track your stats! →
Sign in with Steam
Match 45664447
Unlisted
Match 45664447
Overview
Messages
Build Orders
End
250 Light Carrier
Selects Panzerjäger Kommand Battlegroup
Panzergrenadier Squad
Panzergrenadier Squad
Construct Light Support Kompanie
Fire Support Elements
2.5-tonne Medical Truck
Panzergrenadier Squad
Selects Tank Busters
le.IG 18 Mechanized Group
Flakvierling Half-track
Panzerjäger Squad
Panzerjäger Squad
Selects Mine Fields
Construct Panzerarmee Kommand
Combat Half-tracks
Veteran Squad Leaders
Selects Crew Shock Tactics
Walking Stuka Rocket Launcher
Walking Stuka Rocket Launcher
2.5-tonne Medical Truck
Vehicle Survival Package
Selects Elefant Tank Destroyer
Elefant Tank Destroyer
Tungsten Core Ammunition
Selects Defensive Positions
Selects Butterfly Bomb Drop
2.5-tonne Medical Truck
Advanced Optics
Butterfly Bomb Drop
Rapid Advance
Armored Reserves
Butterfly Bomb Drop
Assault Grenadier Squad
Assault Grenadier Squad
Emergency Repair Kits
Butterfly Bomb Drop
Tiger Heavy Tank
Butterfly Bomb Drop
Butterfly Bomb Drop
Construct Mechanized Kompanie
Assault Grenadier Squad
Butterfly Bomb Drop
Butterfly Bomb Drop
Panzerjäger Squad
Panzerjäger Squad
Advanced Field Repairs
Butterfly Bomb Drop
Tiger Heavy Tank
TwoBe3rs
王
MG42
Hanz
dinamix.fr
weinasi维纳斯之翼
seb
m|0|0|k
0
0
Comments
sign in to comment!
No comments posted yet!